 Dungeon Crawl Stone Soup version 0.24.0-2-g5b39cebb1c (webtiles) character file.

Game seed: 11364450081614040504, levelgen mode: deterministic

2389 Mrkan the Cleaver (level 9, -3/79 HPs)
             Began as a Hill Orc Monk on Oct 29, 2019.
             Was a Believer of Qazlal.
             Shot with an arrow by a centaur (7 damage)
             ... on level 7 of the Dungeon.
             The game lasted 00:12:24 (7625 turns).

Mrkan the Cleaver (Hill Orc Monk)                   Turns: 7625, Time: 00:12:24

Health: -3/79      AC: 10    Str: 17    XL:     9   Next: 46%
Magic:  11/11      EV:  9    Int: 10    God:    Qazlal [**....]
Gold:   271        SH:  3    Dex: 13    Spells: 8/8 levels left

rFire    . . .     SeeInvis .   p - +1 war axe
rCold    . . .     Gourm    .   (no shield)
rNeg     . . .     Faith    .   a - +0 chain mail
rPois    .         Spirit   .   (no helmet)
rElec    .         Reflect  .   (no cloak)
rCorr    .         Harm     .   (no gloves)
MR       .....                  (no boots)
Stlth    ..........             (no amulet)
HPRegen  0.23/turn              (no ring)
MPRegen  0.12/turn              (no ring)

@: about to teleport
A: no striking features
a: Upheaval, Renounce Religion


You were on level 7 of the Dungeon.
You worshipped Qazlal.
Qazlal was pleased with you.
You were hungry.

You visited 2 branches of the dungeon, and saw 8 of its levels.

You collected 271 gold pieces.

Inventory:

Hand Weapons
 p - a +1 war axe (weapon)
Armour
 a - a +0 chain mail (worn)
 o - a +0 pair of boots
Jewellery
 b - a +4 ring of strength {unknown}
 f - an uncursed ring of poison resistance {unknown}
 l - a +3 ring of strength {unknown}
Scrolls
 g - 7 scrolls of teleportation
 h - 3 scrolls of identify
 k - a scroll of fear {unknown}
Potions
 d - a potion of brilliance
 e - a potion of invisibility {unknown}
 i - 2 potions of magic {unknown}
 j - a potion of curing {unknown}
 m - a potion of flight {unknown}
 n - a potion of agility {unknown}
 r - a potion of cancellation {unknown}
Comestibles
 c - 6 rations
 q - 4 chunks of flesh


   Skills:
 + Level 7.5 Fighting
 * Level 10.9 Axes
 + Level 5.8 Armour
 - Level 4.7 Dodging
 - Level 1.5 Stealth
 + Level 3.1 Invocations


You had 8 spell levels left.
You didn't know any spells.
Your spell library contained the following spells:

 Spells                   Type           Power        Failure   Level  Hunger
 Magic Dart               Conj           #...         99%         1    ##.....
 Blink                    Tloc           N/A          100%        2    ###....
 Call Imp                 Summ           #.......     100%        2    ###....
 Slow                     Hex            #.......     100%        2    ###....
 Conjure Flame            Conj/Fire      #.......     100%        3    ####...
 Mephitic Cloud           Conj/Pois/Air  #.......     100%        3    ####...


Dungeon Overview and Level Annotations

Branches:
Dungeon (7/15)             Temple (1/1) D:6

Altars:
Cheibriados
Fedhas
Hepliaklqana
Kikubaaqudgha
Makhleb
Qazlal
Wu Jian
Xom
Yredelemnul

Annotations:
D:7 1 runed translucent door, TimelessDreamer's ghost, novice HuWn


Message History

Qazlal accepts your kill. The centaur hits you.
* * * LOW HITPOINT WARNING * * *
You hit the centaur.
The centaur is lightly wounded.
You hear a howl!
The centaur shoots an arrow.
The arrow hits you!
* * * LOW HITPOINT WARNING * * *
The centaur closely misses you. You block the centaur's attack.
Okay, then.
As you read the scroll of teleportation, it crumbles to dust.
You feel strangely unstable.
You are feeling hungry.
The phantom hits you but does no damage.
The centaur hits you.
* * * LOW HITPOINT WARNING * * *
The centaur closely misses you.
The phantom blinks!
A howler monkey comes into view.
The centaur shoots an arrow.
The arrow hits you!
You die...

...#..#.# .... #.# #..
#..#..#(.# ... #..#
#..##..##.##..##.##..#
#......##..##..#.#..#
#...........##..W..#
#............###(###
............#ch...#
.##........#§#.#.#
##÷.......@(#(#...
.>.#
#.÷......☼#c#.#.##.
... ###......?#..h..#
# ..#
§W#.......###.### ..#
§§+......## .... ..###
§§#.....## ##..#
....#####.>..## #...#
...^.........# .#..
†............# ##..


You could see a phantom, 2 centaurs, a howler monkey (wandering) and a jackal.

Vanquished Creatures
  Pikel (D:5)
  Grinder (D:5)
  Sigmund (D:6)
  2 sky beasts
  2 phantoms
  An ogre (D:4)
  A centaur (D:4)
  A bullfrog (D:6)
  A wyvern skeleton (D:7)
  A scorpion (D:7)
  A crimson imp (D:5)
  A hound (D:7)
  2 bullfrog skeletons
  A centaur skeleton (D:7)
  3 orc priests
  10 orc wizards
  5 worker ants
  A hound zombie (D:5)
  2 hound skeletons
  A worker ant zombie (D:5)
  5 adders
  An ooze (D:1)
  2 adder zombies (D:5)
  4 worms
  6 dart slugs
  6 leopard geckos
  21 orcs
  2 ball pythons
  10 bats
  5 giant cockroaches
  6 goblins
  7 hobgoblins
  8 jackals
  7 kobolds
  5 quokkas
  8 frilled lizards
  A jackal skeleton (D:6)
  A quokka skeleton (D:4)
  A rat (D:1)
145 creatures vanquished.

Vanquished Creatures (others)
  An iguana (D:5)
  An orc wizard (D:6)
2 creatures vanquished.

Grand Total: 147 creatures vanquished

Notes
Turn   | Place    | Note
-------+----------+-------------------------------------------
     0 | D:1      | Mrkan the Hill Orc Monk began the quest for the Orb.
     0 | D:1      | Reached XP level 1. HP: 19/19 MP: 1/1
   336 | D:1      | Reached XP level 2. HP: 21/27 MP: 2/2
   546 | D:1      | Reached skill level 1 in Armour
   562 | D:1      | Reached XP level 3. HP: 28/33 MP: 3/3
  1306 | D:2      | Reached skill level 5 in Axes
  1525 | D:2      | Reached XP level 4. HP: 25/40 MP: 4/4
  2277 | D:3      | Found a hazy altar of Hepliaklqana.
  2281 | D:3      | Found a snail-covered altar of Cheibriados.
  2620 | D:3      | Reached XP level 5. HP: 32/47 MP: 5/5
  3001 | D:4      | Noticed a phantom
  3003 | D:4      | Noticed an ogre
  3714 | D:4      | Killed an ogre
  3714 | D:4      | Reached skill level 6 in Axes
  3714 | D:4      | Reached XP level 6. HP: 3/53 MP: 6/6
  4268 | D:4      | Reached skill level 5 in Fighting
  4582 | D:4      | Killed a phantom
  4582 | D:4      | Reached skill level 7 in Axes
  4582 | D:4      | Reached XP level 7. HP: 14/61 MP: 7/7
  4854 | D:5      | Entered Level 5 of the Dungeon
  5291 | D:5      | Noticed Grinder
  5321 | D:5      | Noticed Pikel
  5324 | D:5      | Killed Grinder
  5324 | D:5      | Reached skill level 8 in Axes
  5324 | D:5      | Reached XP level 8. HP: 28/70 MP: 8/8
  5650 | D:5      | Killed Pikel
  5650 | D:5      | Reached skill level 9 in Axes
  6143 | D:5      | Reached skill level 5 in Armour
  6457 | D:6      | Found a staircase to the Ecumenical Temple.
  6466 | Temple   | Entered the Ecumenical Temple
  6478 | Temple   | Became a worshipper of Qazlal Stormbringer
  6478 | Temple   | Reached * piety under Qazlal
  6478 | Temple   | Reached ** piety under Qazlal
  6532 | D:6      | Reached skill level 10 in Axes
  6532 | D:6      | Reached XP level 9. HP: 38/78 MP: 9/9
  6536 | D:6      | Reached skill level 1 in Invocations
  6858 | D:6      | Noticed Sigmund
  6910 | D:6      | Killed Sigmund
  7541 | D:7      | Found a runed translucent door.
  7543 | D:7      | Noticed TimelessDreamer's ghost (novice HuWn)
  7624 | D:7      | HP: 3/79 [centaur (6)]
  7625 | D:7      | Shot with an arrow by a centaur

Levels and vault maps discovered:
D:1:      dpeg_arrival_chase, layout_loops_ring
D:2:      layout_basic, minivault_5
D:3:      layout_rooms, grunt_temple_overflow_open, hex_medium
D:4:      layout_basic
D:5:      layout_rooms, first_ration, uniq_pikel, uniq_grinder
D:6:      layout_gridville, minmay_temple_entry_wispy, uniq_sigmund
D:7:      minmay_the_grid_octo_tiled_octocenter [minmay_the_grid_octo_horde,
          minmay_the_grid_octo_tetromino_candy, minmay_the_grid_octo_focus,
          minmay_the_grid_octo_checkerflower,
          minmay_the_grid_octo_prize_square_snowflake,
          minmay_the_grid_square_5x5_eight,
          minmay_the_grid_square_5x5_tri_point,
          minmay_the_grid_square_5x5_bracketed, minmay_the_grid_square_5x5_two],
          layout_gridville, nicolae_overflow_crystal_walls, basic_altar,
          enter_ossuary_1, ebering_ghost_inner_flame
Temple:   compressed_dpeg_circular_temple

Skill      XL: |  1  2  3  4  5  6  7  8  9 |
---------------+----------------------------+-----
Armour         | 1 2 3 4 5 |  5.8
Fighting       | 4 5 6 7 |  7.5
Axes           | 5 6 7 8 10 | 10.9
Dodging        | 3 4 |  4.7
Invocations    | 3 |  3.1
Stealth        | |  1.5

Action                   |  1- 3 |  4- 6 |  7- 9 || total
-------------------------+-------+-------+-------++-------
Melee: Hand axe          |   153 |   197 |       ||   350
       War axe           |       |    52 |   258 ||   310
  Use: Scroll            |     2 |     3 |     3 ||     8
       Potion            |       |     1 |     4 ||     5
 Stab: Sleeping          |     2 |       |       ||     2
  Eat: Chunk             |     2 |     2 |     4 ||     8
       Ration            |       |     2 |     2 ||     4
Armor: Robe              |    18 |       |       ||    18
       Ring mail         |    19 |     9 |       ||    28
       Chain mail        |       |   165 |   164 ||   329
Dodge: Dodged            |   101 |   121 |   112 ||   334
Block: Other             |       |       |    10 ||    10
